Cogmind - Beta 13 @@@ ROGUE MODE // 2024.04.16 @ 17:07:26 Player: Mogwok Wargfriend Result: Destroyed by Y-45 Defender with Heavy Assault Rifle Performance ------------- Evolutions (1) 500 Regions Visited (3) 600 Robots Destroyed (88) 440 Value Destroyed (1688) 1688 Prototype IDs (2) 40 Alien Tech Used (0) 0 Bonus (128) 128 TOTAL SCORE: 3396 Bonus ------- High Alert Combat Kills 128 Cogmind --------- Core Integrity 0/400 Matter 285/300 Energy 280/280 System Corruption 0% Temperature Cool (21) Movement Rolling (90) Location -9/Storage Parts ------- > --- POWER (1) -------- Cooled Ion Engine > --- PROPULSION (2) --- Wheel Compact Wheel > --- UTILITY (4) ------ Heat Sink Medium Storage Unit Machine Analyzer Hacking Suite > --- WEAPON (2) ------- Improved Medium Laser > --- INVENTORY (10) --- Improved Ion Engine Wheel Large Matter Pod (150) Improved Targeting Computer Light Armor Plating Heavy EM Pulse Gun Improved Medium Laser Rocket Launcher Plasma Cutter Peak State ------------ > --- POWER ------------ Cooled Ion Engine > --- PROPULSION ------- Wheel Compact Wheel > --- UTILITY ---------- Improved Heat Sink Medium Storage Unit Machine Analyzer Hacking Suite > --- WEAPON ----------- Beam Rifle Particle Gun > --- INVENTORY -------- Cooled Ion Engine Wheel Compact Wheel EM Pulse Gun Light Cannon Rocket Launcher Mining Laser [Rating: 20] Favorites ----------- Power Cooled Ion Engine Engine Cooled Ion Engine Propulsion Wheel Wheel Wheel Utility Medium Storage Unit Device Heat Sink Storage Medium Storage Unit Processor Machine Analyzer Hackware Hacking Suite Weapon Medium Laser Energy Gun Medium Laser Ballistic Gun Light Assault Rifle Ballistic Cannon Improved Light Cannon Special Weapon Mining Laser Build | -11 -10 -9 -9 ------- Run | Yrd Mat Mat Sto Slots Evolved 2 | . . 2 . Power . | . . . . Propulsion . | . . . . Utility 2 | . . 2 . Weapon . | . . . . Parts Attached 60 | 8 18 30 4 Power 9 | 1 4 4 . Engine 9 | 1 4 4 . Core . | . . . . Reactor . | . . . . Propulsion 16 | 2 4 9 1 Treads . | . . . . Leg . | . . . . Wheel 16 | 2 4 9 1 Hover . | . . . . Flight . | . . . . Utility 11 | 3 2 6 . Device 5 | 1 . 4 . Storage 4 | 2 1 1 . Processor 1 | . 1 . . Hackware 1 | . . 1 . Protection . | . . . . Artifact . | . . . . Weapon 24 | 2 8 11 3 Energy Gun 14 | 1 4 8 1 Energy Cannon . | . . . . Ballistic Gun 5 | 1 4 . . Ballistic Cannon 2 | . . 2 . Launcher . | . . . . Special Weapon 3 | . . 1 2 Impact Weapon . | . . . . Slashing Weapon . | . . . . Piercing Weapon . | . . . . Special Melee Weapon . | . . . . Unidentified Prototypes 2 | . . 1 1 Parts Lost 11 | . 1 7 3 Power 1 | . . 1 . Propulsion 5 | . . 4 1 Utility 1 | . . 1 . Weapon 4 | . 1 1 2 Highest Loss Streak 2 | . 1 2 1 To Critical Strikes . | . . . . Average Slot Usage (%) 98 | . 97 99 96 Engine 11 | . 14 11 11 Wheel 22 | . 26 21 21 Device 8 | . 2 10 11 Storage 11 | . 14 11 11 Processor 11 | . 11 11 11 Hackware 8 | . . 11 11 Energy Gun 14 | . 14 15 11 Ballistic Gun 4 | . 13 1 . Ballistic Cannon 3 | . . 4 6 Naked Turns . | . . . . Heaviest Build 26 | 12 18 26 26 Greatest Support 26 | 20 20 26 26 Greatest Overweight (x) 3 | 2 3 2 1 Average Overweight (x) . | . . . . Largest Inventory Capacity 10 | 8 10 10 10 Average Capacity 9 | 7 9 10 10 Most Carried 10 | 8 10 10 10 Average Carried 9 | 5 9 9 9 Final Capacity 10 | 8 10 10 10 Final Carried 10 | 8 10 10 9 Class Distribution -------------------- 79% | Scavenger-Mutant 20% | Mutant Dominant Class ---------------- Mutant | -10/Materials Scavenger-Mutant | -9/Materials Scavenger-Mutant | -9/Storage Resources | -11 -10 -9 -9 ----------- Run | Yrd Mat Mat Sto Matter Collected 1184 | 318 221 579 66 Remotely . | . . . . Salvage Created 3149 | 228 584 2088 249 Parts 187 | 14 35 127 11 Haulers Intercepted 6 | . 1 5 . Recyclers Shooed 10 | 1 2 7 . Parts Field Recycled . | . . . . Retrieved Matter . | . . . . Parts Self-Destructed . | . . . . Prevented . | . . . . Kills | -11 -10 -9 -9 ------- Run | Yrd Mat Mat Sto Combat Hostiles Destroyed 41 | . 7 28 6 Guns 32 | . 7 23 2 Cannons 9 | . . 5 4 Classes Destroyed 12 | 3 7 2 . Worker 12 | 2 . 9 1 Builder 2 | . 1 1 . Tunneler 7 | 5 1 1 . Hauler 6 | . 1 5 . Recycler 9 | 1 2 6 . Mechanic 1 | . 1 . . Operator 3 | . 1 2 . Watcher 7 | . 2 5 . Swarmer 7 | . 3 4 . Grunt 25 | . 4 17 4 Brawler 1 | . . 1 . Sentry 8 | . . 6 2 Best Kill Streak 8 | 3 4 8 3 Combat Bots Only 4 | . 3 4 3 Max Kills in Single Turn 2 | 1 1 2 1 Gunslinging 1 | . . 1 . Exploded . | . . . . Melee . | . . . . Uniques/NPCs Destroyed . | . . . . Combat | -11 -10 -9 -9 -------- Run | Yrd Mat Mat Sto Hostile Shots Fired 219 | . 38 139 42 Missed 63 | . 14 37 12 Damage Taken 1859 | . 264 1178 417 Core 481 | . 80 316 85 Absorbed by Shields . | . . . . Core Remaining (%) 84 | 100 68 . . Volleys Fired 308 | 44 53 179 32 Largest 2 | 1 2 2 2 Hottest 121 | 50 115 121 95 Shots Fired 542 | 44 105 344 49 Gun 484 | 44 105 303 32 Cannon 51 | . . 37 14 Launcher . | . . . . Special 7 | . . 4 3 Kinetic 151 | . 48 89 14 Thermal 387 | 44 57 251 35 Explosive . | . . . . Electromagnetic 4 | . . 4 . Robot Hit Streak 17 | 9 7 17 6 Robot Miss Streak 5 | 3 3 5 1 Penetration Max . | . . . . Secondary Targets 3 | . . 3 . Max Gunslinging Chain 1 | . . 1 . Shots Hit Robots 346 | 30 64 227 25 Core Hits 135 | 9 30 87 9 Critical Kills . | . . . . Critical Parts Destroyed . | . . . . Critical Strikes 18 | 4 1 10 3 Burn 14 | 4 1 8 1 Blast 4 | . . 2 2 Melee Attacks . | . . . . Impact . | . . . . Slashing . | . . . . Piercing . | . . . . Sneak Attacks . | . . . . Combat Hostiles . | . . . . Follow-up Attacks . | . . . . Damage Inflicted 4723 | 361 687 3159 516 Guns 4028 | 361 686 2727 254 Cannons 658 | . . 398 260 Explosions 34 | . . 34 . Melee . | . . . . Ramming 3 | . 1 . 2 Kinetic 1193 | . 261 672 260 Thermal 3464 | 361 425 2424 254 Explosive . | . . . . Electromagnetic 63 | . . 63 . Impact . | . . . . Slashing . | . . . . Piercing . | . . . . Highest Corruption . | . . . . Average Corruption . | . . . . Corruption Purged . | . . . . Corruption Blocked . | . . . . Overload Shots . | . . . . Overflow Damage 23 | . . 23 . Projectiles 23 | . . 23 . Explosions . | . . . . Melee . | . . . . Knockbacks 4 | . . 4 . Impact . | . . . . Kinetic 4 | . . 4 . Secondary . | . . . . Self-Inflicted Damage 12 | . . 11 1 Shots 1 | . . 1 . Rammed 2 | . 1 . 1 Targets Rammed 2 | . 1 . 1 Kicked . | . . . . Crushed . | . . . . Highest Temperature 329 | 130 216 329 29 Average Temperature 61 | 46 56 73 12 Received Heat Transfer 885 | . 102 540 243 Effects 1 | . . 1 . Interference 1 | . . 1 . Siege Activations . | . . . . Robots Corrupted . | . . . . Combat Hostiles . | . . . . Parts Fried . | . . . . Impact Corruptions . | . . . . Robots Melted . | . . . . Combat Hostiles . | . . . . Parts Melted 15 | 2 1 11 1 Heat Transferred 10151 | 1369 1295 6895 592 Parts Sabotaged . | . . . . Parts Stolen . | . . . . Parts Stripped . | . . . . Power Chain Reactions 1 | . . 1 . Alert | -11 -10 -9 -9 ------- Run | Yrd Mat Mat Sto Peak Influence 653 | 40 247 653 403 Initial 248 | . 26 104 248 Average 314 | 18 114 420 347 Maximum Alert Level 2 | . 1 2 2 Low Security (%) 33 | 100 79 12 . Level 1 20 | . 20 18 65 Level 2 45 | . . 69 34 Level 3 . | . . . . Level 4 . | . . . . Level 5 . | . . . . High Security . | . . . . Max Security . | . . . . Squads Dispatched 7 | . 1 4 2 Investigation 2 | . . 1 1 Extermination . | . . . . Reinforcement 3 | . 1 1 1 Assault 2 | . . 2 . Garrison . | . . . . Intercept . | . . . . Searches Triggered . | . . . . Construction Impeded . | . . . . Haulers Reinforced . | . . . . Active Scanning Responses . | . . . . Cargo Convoy Interrupts . | . . . . Stealth | -11 -10 -9 -9 --------- Run | Yrd Mat Mat Sto Distress Signals 5 | . 2 3 . Communications Jammed . | . . . . Distress Signals . | . . . . Times Spotted 66 | . 16 41 9 Peak Tracking Total 6 | . 3 6 4 Tactical Retreats 5 | . 2 3 . Traps | -11 -10 -9 -9 ------- Run | Yrd Mat Mat Sto Traps Triggered 5 | . 3 1 1 Indirectly . | . . . . Trap Hack Attempts . | . . . . Triggered . | . . . . Disarmed . | . . . . Reprogrammed . | . . . . Reused . | . . . . Traps Extracted . | . . . . Installed . | . . . . Triggered . | . . . . Machines | -11 -10 -9 -9 ---------- Run | Yrd Mat Mat Sto Machines Disabled 1 | . . 1 . Max in Single Turn 1 | . . 1 . Machines Repaired . | . . . . Machines Dismantled . | . . . . Machines Sabotaged . | . . . . Overloaded Fab Kills . | . . . . Hacking | -11 -10 -9 -9 --------- Run | Yrd Mat Mat Sto Machines Accessed 15 | . 6 7 2 Terminals 13 | . 5 6 2 Fabricators . | . . . . Repair Stations 1 | . . 1 . Recycling Units 1 | . 1 . . Scanalyzers . | . . . . Garrison Access . | . . . . Total Hacks 45 | . 13 28 4 Successful 22 | . 4 15 3 Failed 22 | . 8 13 1 Catastrophic 2 | . 1 1 . Database Lockouts 1 | . 1 . . Manual 37 | . 14 21 2 Terminals 43 | . 12 27 4 Fabricators . | . . . . Repair Stations 1 | . . 1 . Recycling Units 1 | . 1 . . Scanalyzers . | . . . . Garrison Access . | . . . . Terminal Hacks 9 | . 1 7 1 Robot Analysis 6 | . 1 5 . Open Door 1 | . . . 1 Branch Access Points 1 | . . 1 . Alert Level 1 | . . 1 . Fabricator Hacks . | . . . . Repair Station Hacks . | . . . . Recycling Unit Hacks . | . . . . Scanalyzer . | . . . . Garrison Access Hacks . | . . . . Unauthorized Hacks 13 | . 3 8 2 Terminals 12 | . 2 8 2 Assimilate 1 | . . 1 . Botnet 9 | . 2 6 1 Operators 2 | . . 1 1 Fabricators . | . . . . Repair Stations . | . . . . Recycling Units 1 | . 1 . . Reject 1 | . 1 . . Scanalyzers . | . . . . Garrison Access . | . . . . Data Cores Recovered . | . . . . Used . | . . . . Hacking Detections 13 | . 5 7 1 Full Trace Events 2 | . 1 1 . Feedback Events . | . . . . Feedback Blocked . | . . . . Robot Schematics Acquired . | . . . . Robots Built . | . . . . Authchips . | . . . . Time . | . . . . Total Robot Build Rating . | . . . . Part Schematics Acquired . | . . . . Parts Built . | . . . . Authchips . | . . . . Time . | . . . . Total Part Build Rating . | . . . . Parts Repaired . | . . . . Time . | . . . . Parts Recycled . | . . . . Recycled Matter . | . . . . Retrieved Matter . | . . . . Retrieved Components . | . . . . Parts Scanalyzed . | . . . . Part Schematics Acquired . | . . . . Parts Damaged . | . . . . Bothacking | -11 -10 -9 -9 ------------ Run | Yrd Mat Mat Sto Used RIF Installer . | . . . . Robots Hacked . | . . . . Non-combat . | . . . . Combat . | . . . . Robot Hacks Applied . | . . . . Relay Couplers Released . | . . . . Fabnet Peak Effective % . | . . . . Robots Rewired . | . . . . Allies Hacked . | . . . . Hacks Repelled . | . . . . Allies | -11 -10 -9 -9 -------- Run | Yrd Mat Mat Sto Total Allies . | . . . . Largest Group . | . . . . Highest-Rated Group . | . . . . Highest-Rated Ally . | . . . . Total Orders . | . . . . Ally Attacks . | . . . . Total Damage . | . . . . Kills . | . . . . Allies Corrupted . | . . . . Allies Melted . | . . . . Intel | -11 -10 -9 -9 ------- Run | Yrd Mat Mat Sto Robot Analysis Total 6 | . 1 5 . Derelict Logs Recovered . | . . . . Drone Launches . | . . . . Drone Recoveries . | . . . . Exploration | -11 -10 -9 -9 ------------- Run | Yrd Mat Mat Sto Turns Passed 3238 | 219 778 2015 226 Spaces Moved 2154 | 137 699 1195 123 Core 18 | 14 4 . . Treads . | . . . . Legs . | . . . . Wheels 2136 | 123 695 1195 123 Hover . | . . . . Flight . | . . . . Fastest Speed 50 | 50 80 80 90 Average Speed 86 | 77 81 89 90 Slowest Speed 200 | 150 200 110 115 Overloaded Moves . | . . . . Propulsion Burnouts . | . . . . Robots Hopped . | . . . . Cave-ins Triggered . | . . . . Exploration Rate (%) 36 | 5 53 70 17 Regions Visited 3 Branch Regions 1 Pre-discovered Areas . | . . . . Known Exits Taken 1 | . . 1 . Unknown Exits Taken 2 | 1 1 . . Scrap Searched . | . . . . Spaces Dug 1 | . . 1 . Terrain Destroyed 9 | . . 9 . Melee . | . . . . Projectile 5 | . . 5 . AOE 4 | . . 4 . Terrain Rammed . | . . . . Walls Destroyed . | . . . . Machines Disabled . | . . . . Actions | -11 -10 -9 -9 --------- Run | Yrd Mat Mat Sto Total 3008 | 205 811 1804 188 Wait 411 | . 23 366 22 Move 2151 | 136 698 1194 123 Hop . | . . . . Pick Up 34 | 12 5 14 3 Fast Attach 25 | 7 11 6 1 Attach 14 | 1 1 10 2 Detach 4 | 1 2 1 . Swap 21 | . 6 14 1 Drop 38 | 4 11 20 3 Fire 308 | 44 53 179 32 Melee . | . . . . Ram 2 | . 1 . 1 Kick . | . . . . Crush . | . . . . Escape Stasis . | . . . . Rewire . | . . . . Trap . | . . . . Miscellaneous . | . . . . Route ------- -11/Scrapyard -10/Materials (discovered 2 exits: *Mat x2) -9/Materials (discovered 3 exits: [*Mat] / *Min / *Sto) -9/Storage History --------- Turn | Location | Event 26 | -11/Scrapyard | Discovered new exit (range 16) 220 | -11/Scrapyard | Entered Materials 338 | -10/Materials | Build established: Mutant 465 | -10/Materials | Discovered new exit (range 15) 751 | -10/Materials | Discovered new exit (range 15) 793 | -10/Materials | Central database locked down 970 | -10/Materials | Build established: Scavenger-Mutant 998 | -10/Materials | Entered another Materials area 998 | -9/Materials | Evolved 2 slots: Utility x2 1563 | -9/Materials | Discovered new exit (range 10) 1669 | -9/Materials | Core integrity fell below 50% 2040 | -9/Materials | Discovered new exit (range 8) 2043 | -9/Materials | Identified exit to Mines 2043 | -9/Materials | Identified exit to Storage 2998 | -9/Materials | First assault squad dispatched 3013 | -9/Materials | Entered Storage 3035 | -9/Storage | Core integrity fell below 20% 3239 | -9/Storage | Destroyed by Y-45 Defender with Heavy Assault Rifle Last Messages --------------- 03143_ O-16 Technician uses terminal to summon reinforcements. 03143_ ALERT: Hostiles spotted, dispatching reinforcements to Terminal S015. 03143_ O-16 Technician locks terminal. 03145_ Y-45 Defender destroyed. 03147_ Acquired 3 matter. 03156_ R-06 Scavenger collects Lgt. Treads. 03158_ >> Machine Analyzer network decryption results: 03158_ Terminal x1 03160_ R-06 Scavenger collects Lgt. Treads. 03161_ Connecting with Door Terminal... >>Open(Door) Sealed Heavy Doors opened. 03169_ Dropped Med. Matter Pod. 03169_ Acquired Lrg. Matter Pod. 03221_ Critical hit (Burn: +37). 03224_ Mining Laser destroyed. 03233_ Critical hit (Burn: +37). Map ----- +----------------------------------------------------+ | ???????????????????????????????????????????????? | | ?????????????????????????????????????"?????????? | | ?????????????????????????????????????T?????????? | | ???????????????????o?????????????????"?????????? | | ????????"""?"""????????????????????????????????# | | ????????"""?"""???????????########?????????????# | | ????????"""?"""???????????#]] [[[#???????#####?# | | ??????????????????????????#]] [[[#???#####"T"### | | ??????????????????????????#]] !#???# # | | ??????????????????????????# ! #???# """"" # | | ??????????????????????????### ##???# """"" # | | ???????????????????????????#T #???# """"" /%% | | ???????????????## ???#?????## #???#% #% | | ???????????????# #T######+########[ #o | | ???????????????# % %%%/%% #% | | ?????????????? / #######** # | | ???????????????# #?????#%######### | | ???????????????# ########+#####??###???????# | | ???????????????###??????# #???????###### | | ????????????????????????# """" #???????#[[" # | | ????????????????????????# ""????#???????# [[ # | | ?????????"?"????????????# ""???? #???????#[[" + | | ?????????"T"????????????# "????" #???????####T# | | ?????????"""????????????# "??"" #??????????### | | ????????????????????????# """" #????????????# | | ????????????????????????#@ Y #????????????# | | ????????????????????????###########????????????# | | ???????????????????????????????????????????????### | | ?????????????????????????????????????????????????? | | ?????????????????????????????????????????????????? | | ?????????????????????????????????????????????????? | | ?????????????????????????????????????????????????? | | ?????????????????????????????????????????????????? | | | | | | | | | | | | | | | | | | | | | | | | | | | | | | | | | | | +----------------------------------------------------+ Best States ------------- Heat Dissipation 42 Energy Generation 14 Energy Capacity 280 Matter Stores 350 Matter Capacity 350 Sight Range 16 Terrain Scan Density 10 Evasion (%) 50 Offensive Hacking 10 Item Schematics ----------------- None Robot Schematics ------------------ None Fabricated ------------ Nothing Alien Tech Used ----------------- None Achievements -------------- None Challenges ------------ None Game ------ Seed WeldingFortressTriangulator Manual? 0 Play Time 00:26:33 Cumulative 173.0 hours Start 2024.04.16 @ 16:42:46 End 2024.04.16 @ 17:07:26 Sessions 1 Manual Loads 0 Difficulty Rogue Special Mode None Game No. 167 Rogue 167 Adventurer 0 Explorer 0 Win Type - Total 0 Types 0/0/0/0/0/0/0/0/0 Lore% 53 Gallery% 65 Achievement% 44 Wizard Run 0 Options --------- Layout 2 ASCII 1 Keyboard 1 Movement Numpad Keybinds 0 Fullscreen 2 Font 32/TamsynBold Map View 50x44 Zoom Use 0% Tactical HUD 1 Map Filters NONE Filters NONE Steam 1 RUN: adb2319d-10f7-4002-a603-3bea8a6d7277